 Dungeon Crawl Stone Soup version 0.30-a0-591-g3c58d2bc28 (console) character file.

Game seed: 4368237292031073564

97445 jejorda2 the Peltast (level 16, -9/127 HPs)
             Began as a Merfolk Berserker on Jan 4, 2023.
             Was a High Priest of Trog.
             Mangled by a mana viper (14 damage)
             ... on level 1 of the Snake Pit.
             The game lasted 01:08:55 (22391 turns).

jejorda2 the Peltast (Merfolk Berserker)           Turns: 22391, Time: 01:08:56

Health: -9/127     AC: 26    Str: 19    XL:     16   Next: 19%
Magic:  0/16       EV:  8    Int:  3    God:    Trog [*****.]
Gold:   3449       SH: 22    Dex: 20    Spells: 15/15 levels left

rFire   + . .      SeeInvis +    a - +7 double sword (heavy)
rCold   . . .      Faith    .    F - +1 tower shield {AC+3}
rNeg    + + +      Spirit   .    G - +4 chain mail "Vyuskous" {Contam rPois rCorr Slay+2}
rPois   +          Reflect  .    Q - +1 helmet of the Shoals {+Blink rN+++ Int-3 Slay+2 SInv}
rElec   +          Harm     .    D - +0 cloak of Pyfaames {rElec Will+}
rCorr   +          Rampage  .    s - +2 pair of gloves {Stlth+}
Will    ++...                    H - +2 pair of boots Stlth
                                 f - amulet of regeneration
HPRegen 1.21/turn                l - ring of protection from fire
MPRegen 0.15/turn                R - +4 ring of slaying

@: grasped by roots, on berserk cooldown, slowed, constricted, studying
Throwing, very slow
A: (nimble swimmer 2), mertail
a: Renounce Religion, Evoke Blink, Berserk, Trog's Hand, Brothers in Arms


You were on level 1 of the Snake Pit.
You worshipped Trog.
Trog was extremely pleased with you.
You visited 4 branches of the dungeon, and saw 23 of its levels.
You also visited: Bailey and Ice Cave.

You collected 3966 gold pieces.
You spent 517 gold pieces at shops.

Inventory:

Hand Weapons
 a - a +7 heavy double sword (weapon)
 b - a +0 demon blade of flaming
Missiles
 c - 165 stones
 i - a throwing net
 p - 18 boomerangs (quivered)
 y - 43 poisoned darts
 z - 5 javelins
Armour
 s - a +2 pair of gloves of stealth (worn)
 D - the +0 cloak of Pyfaames (worn) {rElec Will+}
   (You acquired it in a bailey)

   rElec:     It insulates you from electricity.
   Will:      It increases your willpower.
 F - a +1 tower shield of protection (worn)
 G - the +4 chain mail "Vyuskous" (worn) {Contam rPois rCorr Slay+2}
   (You found it in a bailey)

   Slay:      It affects your accuracy & damage with ranged weapons and melee
   (+2).
   rPois:     It protects you from poison.
   Contam:    It causes magical contamination when unequipped.
   rCorr:     It protects you from acid and corrosion.
 H - a +2 pair of boots (worn)
 Q - the +1 helmet of the Shoals (worn) {+Blink rN+++ Int-3 Slay+2 SInv}
   (You acquired it on level 12 of the Dungeon)

   Int:       It affects your intelligence (-3).
   Slay:      It affects your accuracy & damage with ranged weapons and melee
   (+2).
   rN:        It renders you almost immune to negative energy.
   SInv:      It lets you see invisible.
   +Blink:    It lets you blink.
Jewellery
 f - an amulet of regeneration (around neck)
 l - a ring of protection from fire (left hand)
 R - a +4 ring of slaying (right hand)
 S - a ring of ice
Wands
 j - a wand of paralysis (11)
 t - a wand of mindburst (5)
 x - a wand of flame (35)
 E - a wand of acid (13)
 K - a wand of digging (8)
 L - a wand of iceblast (1)
 T - a wand of polymorph (1)
Scrolls
 k - 2 scrolls of poison
 m - 7 scrolls of teleportation
 q - 2 scrolls of fog
 r - 5 scrolls of immolation
 u - 3 scrolls of blinking
 v - a scroll of butterflies
 I - a scroll of magic mapping
 N - 5 scrolls of fear
 U - a scroll of silence
Potions
 d - 5 potions of heal wounds
 e - 3 potions of might
 g - 10 potions of curing
 h - 3 potions of flight
 n - 5 potions of lignification
 o - 2 potions of resistance
 w - 7 potions of attraction
 A - 10 potions of ambrosia
 C - 7 potions of haste
 M - 3 potions of cancellation
 O - 2 potions of mutation
 P - a potion of invisibility
Miscellaneous
 B - a phial of floods (inert)
 J - a lightning rod (4/4)


   Skills:
 + Level 11.7 Fighting
 - Level 16.0 Long Blades
 - Level 4.6 Polearms
 - Level 12.0 Throwing
 - Level 4.8 Armour
 + Level 9.5 Dodging
 * Level 17.4 Shields
 - Level 6.0 Evocations


You had 15 spell levels left.
You didn't know any spells.
Your spell library was empty.

Dungeon Overview and Level Annotations

Branches:
Dungeon (15/15)            Temple (0/1) D:6            Lair (5/5) D:8
  Swamp (0/4) Lair:3        Snake (1/4) Lair:2        Slime (0/5) Lair:5
    Orc (2/2) D:12            Elf (0/3) Orc:2        Vaults (0/5) D:13
 Depths (0/4) D:15         Bailey (visited)           IceCv (visited)

Altars:
Ashenzari
Fedhas
Kikubaaqudgha
Nemelex Xobeh
Okawaru
Ru
Sif Muna
Trog
Vehumet
Xom
Yredelemnul
Jiyva

Shops:
D:10 =*[**   Orc:2 =?[*?(

Annotations:
D:4 2 transporters, wormed's ghost, amateur OpTm
D:11 1 runed translucent door, brody1818's ghost, journeyman TrCK
Snake:1 Jorgrun; Nikola


Innate Abilities, Weirdness & Mutations

((You are very nimble when in or above water. (Stealth+, EV+, Speed+++)))
Your lower body shifts to a powerful aquatic tail in water.


Message History

Trog accepts your kill.
Your +2 pair of boots unmelds from your body.
You block the black mamba's attack.
The naga hits you from afar with a +0 halberd.
You block the mana viper's attack. The naga hits you with a +0 long sword!
The naga grabs you. The naga constricts you. The naga spits poison at you.
The splash of poison misses you.
The naga mage points at the naga warrior and mumbles some strange words.
The naga warrior seems to grow toxic.
The naga mage barely misses you.
You slice the naga!!
You kill the naga!
Trog accepts your kill.
You are no longer berserk.
You are exhausted.
You feel yourself slow down. The black mamba misses you.
Jorgrun points at you and mumbles some strange words.
Roots burst forth from the earth!
The grasping roots grab you! The grasping roots constrict you!
You block the mana viper's attack. Nikola hits you but does no damage.
You block the naga's attack. You block the black mamba's attack.
The naga hits you with a +0 battleaxe!!
* * * LOW HITPOINT WARNING * * *
You are too injured to fight recklessly!
Unknown command.
The roots grasp on you weakens, but your attempt to escape fails.
Nikola is no longer waterlogged.
You block the black mamba's attack. The mana viper bites you.
* * * LOW HITPOINT WARNING * * *
You feel your power leaking away.
You block the guardian serpent's attack.
The naga warrior roars a battlecry!
The naga goes into a battle-frenzy!
You block the naga mage's attack. The grasping roots constrict you!
* * * LOW HITPOINT WARNING * * *
Nikola hits you with a +4 rapier of electrocution!
* * * LOW HITPOINT WARNING * * *
The black mamba bites you but does no damage.
The naga hits you but does no damage. The mana viper bites you!
You die...

.## ##.. .. .. ##
#.. .# ... #..
####.# #.##...
#.###....# .....#
#......).# N.NN###
#........##.......
##.......)SSS..#
###..^..##S@gN###
##.......##)@N.#
#.......†#....N#
....##.<.........
#... ####.........
.. ###.......#
#.......#
#...###.. ..


You could see Nikola, Jorgrun, a naga warrior (curare), a mana viper, a guardian
serpent, 2 black mambas, 2 naga magi and 3 nagas.

Vanquished Creatures
  Frances (D:13)
  A stone giant (D:15)
  Nessos (Lair:5)
  The ghost of OTABOTABOTAB the Transmogrifier, a journeyman OpTm of Gozag (Orc:1)
  Snorg (D:11)
  Josephine (D:12)
  The ghost of Monkooky the Tainter, a journeyman KoHs of Cheibriados (Lair:3)
  A vault guard (D:13)
  8 hydras
  2 centaur warriors
  A merfolk avatar (Lair:5)
  5 boulder beetles
  An ogre mage (D:15)
  The ghost of Jase the Black Sun, a journeyman DsNe of Kikubaaqudgha (D:9)
  7 two-headed ogres
  A dancing weapon (Lair:3)
  2 naga warriors (Snake:1)
  4 tengu warriors
  4 death yaks (Lair:3)
  5 orc high priests
  Urug (Lair:5)
  A skeletal warrior (D:13)
  Nergalle (D:11)
  4 bog bodies
  10 orc knights
  A deep elf pyromancer (D:15)
  A lindwurm (Lair:2)
  2 harpies (Lair:5)
  An ugly thing (D:9)
  A deep elf zephyrmancer (D:14)
  A necromancer (IceCv)
  2 salamanders
  6 manticores
  5 cyclopes
  10 orc sorcerers
  17 elephants
  6 black mambas
  2 ice statues (IceCv)
  A guardian serpent (shapeshifter) (D:14)
  4 cane toads
  2 gargoyles
  9 komodo dragons
  An unseen horror zombie (D:9)
  Psyche (D:12)
  4 rime drakes (Lair:5)
  2 kobold demonologists
  A tengu conjurer (D:8)
  2 anaconda simulacra (IceCv)
  9 trolls
  10 ice devils
  A hornet (Lair:5)
  A meliai (shapeshifter) (D:13)
  A meliai (D:9)
  A polar bear (Lair:4)
  A queen bee (Lair:2)
  2 wind drakes (Lair:5)
  5 dream sheep (Lair:5)
  10 blink frogs
  4 slime creatures
  Sigmund (D:6)
  A vampire (D:12)
  10 wyverns
  9 wraiths
  4 dire elephant simulacra (IceCv)
  6 basilisks
  35 yaks
  2 steam dragons (D:6)
  2 vampire mosquitoes (D:11)
  Menkaure (D:5)
  Edmund (D:6)
  3 wargs
  2 swamp worms (Lair:3)
  7 water moccasins
  4 nagas (Snake:1)
  Duvessa (D:7)
  4 hydra simulacra (IceCv)
  3 black bears
  36 orc warriors
  A sky beast (D:8)
  4 ice beasts (D:6)
  3 ogres
  10 centaurs
  4 kobold brigands
  A gnoll sergeant (D:9)
  8 bullfrogs
  3 necrophages
  A cane toad simulacrum (IceCv)
  Dowan (D:7)
  4 wights (D:8)
  38 killer bees
  2 howler monkeys
  5 electric eels
  2 lava snakes (Lair:2)
  11 jellies
  A centaur zombie (D:9)
  3 hounds
  17 orc priests
  Crazy Yiuf (D:3)
  A gnoll bouda (D:6)
  An iguana (D:7)
  17 orc wizards
  A spriggan simulacrum (IceCv)
  A wolf simulacrum (IceCv)
  Robin (D:3)
  14 gnolls
  11 adders
  A naga simulacrum (IceCv)
  A shadow imp (D:6)
  2 white imps
  An ufetubus (D:4)
  A worm (D:4)
  68 orcs
  7 ball pythons
  8 endoplasms
  2 giant cockroaches
  25 goblins
  12 hobgoblins
  4 jackals (D:1)
  19 kobolds
  2 quokkas
  6 bats
  12 frilled lizards
  6 rats
669 creatures vanquished.

Vanquished Creatures (collateral kills)
  A two-headed ogre (D:9)
  A tengu conjurer (D:9)
  2 gnolls (D:9)
  An orc (D:9)
5 creatures vanquished.

Vanquished Creatures (others)
  2 gnolls
  2 orcs (Orc:1)
  A goblin (D:3)
  11 fungi
  24 plants
40 creatures vanquished.

Grand Total: 714 creatures vanquished

Notes
Turn   | Place    | Note
-------+----------+-------------------------------------------
     0 | D:1      | jejorda2 the Merfolk Berserker began the quest for the Orb.
     0 | D:1      | Reached XP level 1. HP: 18/18 MP: 1/1
   218 | D:1      | Reached XP level 2. HP: 21/24 MP: 2/2
   456 | D:1      | Reached ** piety under Trog
   482 | D:1      | Found a faded altar of an unknown god.
   695 | D:2      | Reached skill level 1 in Long Blades
   695 | D:2      | Reached XP level 3. HP: 28/30 MP: 3/3
   882 | D:2      | Reached XP level 4. HP: 6/37 MP: 4/4
  1700 | D:3      | Reached XP level 5. HP: 21/42 MP: 5/5
  1910 | D:3      | Noticed Robin
  1943 | D:3      | Reached *** piety under Trog
  1949 | D:3      | Killed Robin
  2035 | D:3      | Identified the +2 leather armour of the Dragon {rC+ rN+}
  2108 | D:3      | Found a runed translucent door.
  2109 | D:3      | Noticed Crazy Yiuf
  2116 | D:3      | Killed Crazy Yiuf
  2618 | D:4      | Found a bloodstained altar of Trog.
  2632 | D:4      | Noticed a black bear
  2671 | D:4      | Reached XP level 6. HP: 47/49 MP: 6/6
  2676 | D:4      | Killed a black bear
  2718 | D:4      | Found a transporter.
  2720 | D:4      | Noticed wormed's ghost (amateur OpTm)
  2724 | D:4      | Found a transporter.
  2982 | D:4      | Found a broken altar of Ashenzari.
  3066 | D:4      | Reached skill level 5 in Fighting
  3066 | D:4      | Reached skill level 5 in Long Blades
  3066 | D:4      | Reached skill level 5 in Dodging
  3353 | D:4      | Identified the +11 quarterstaff "Epig" {freeze, Will-
                  | Str+4}
  3454 | D:5      | Entered Level 5 of the Dungeon
  3465 | D:5      | Reached XP level 7. HP: 56/56 MP: 7/7
  3523 | D:5      | Found a sacrificial altar of Ru.
  3524 | D:5      | Found an ancient bone altar of Kikubaaqudgha.
  3941 | D:5      | Found a blossoming altar of Fedhas.
  4122 | D:5      | Noticed Menkaure
  4133 | D:5      | Killed Menkaure
  4347 | D:5      | Reached XP level 8. HP: 60/64 MP: 8/8
  4611 | D:5      | Found a sparkling altar of Nemelex Xobeh.
  4738 | D:5      | Found an iron altar of Okawaru.
  5154 | D:6      | Found a staircase to the Ecumenical Temple.
  5241 | D:6      | Found a shimmering blue altar of Sif Muna.
  5394 | D:6      | Noticed Sigmund
  5403 | D:6      | Reached XP level 9. HP: 69/69 MP: 9/9
  5406 | D:6      | Killed Sigmund
  5407 | D:6      | Reached skill level 10 in Long Blades
  5423 | D:6      | Noticed Edmund
  5482 | D:6      | Killed Edmund
  5643 | D:6      | Found a radiant altar of Vehumet.
  5897 | D:7      | Noticed Dowan
  5898 | D:7      | Noticed Duvessa
  5912 | D:7      | Killed Dowan
  5936 | D:7      | Killed Duvessa
  5937 | D:7      | Reached skill level 1 in Throwing
  6079 | D:7      | Found a flagged portal.
  6097 | Bailey   | Entered a bailey
  6154 | Bailey   | Noticed an orc knight
  6191 | Bailey   | Killed an orc knight
  6192 | Bailey   | Reached XP level 10. HP: 76/76 MP: 10/10
  6251 | Bailey   | Noticed an orc knight
  6269 | Bailey   | Killed an orc knight
  6374 | Bailey   | Reached **** piety under Trog
  6510 | Bailey   | Noticed an orc knight
  6576 | Bailey   | Killed an orc knight
  6577 | Bailey   | Reached skill level 5 in Throwing
  6773 | Bailey   | Acquired the +0 cloak of Pyfaames {rElec Will+}
  6801 | Bailey   | Found an iron altar of Okawaru.
  6801 | Bailey   | Noticed an orc sorcerer
  6801 | Bailey   | Noticed a kobold demonologist
  6822 | Bailey   | Noticed an orange demon
  6822 | Bailey   | Killed an orc sorcerer
  6836 | Bailey   | Killed a kobold demonologist
  6892 | Bailey   | Identified the +4 chain mail "Vyuskous" {Contam rPois rCorr
                  | Slay+2}
  7638 | D:8      | Reached XP level 11. HP: 83/83 MP: 11/11
  7985 | D:8      | Found a staircase to the Lair.
  8268 | D:8      | Noticed a boulder beetle
  8279 | D:8      | Killed a boulder beetle
  8584 | D:9      | Noticed a green ugly thing
  8600 | D:9      | Killed a green ugly thing
  8601 | D:9      | Reached skill level 1 in Shields
  8624 | D:9      | Noticed a manticore
  8752 | D:9      | Noticed a tengu warrior
  8766 | D:9      | Killed a tengu warrior
  8787 | D:9      | Reached skill level 2 in Shields
  8801 | D:9      | Noticed a cyclops
  8809 | D:9      | Reached skill level 15 in Long Blades
  8811 | D:9      | Killed a manticore
  8819 | D:9      | Killed a cyclops
  8839 | D:9      | Noticed a two-headed ogre
  8849 | D:9      | Killed a two-headed ogre
  8850 | D:9      | Reached skill level 3 in Shields
  8955 | D:9      | Reached ***** piety under Trog
  9052 | D:9      | Found a runed translucent gate.
  9052 | D:9      | Found a runed translucent gate.
  9052 | D:9      | Found a runed translucent gate.
  9052 | D:9      | Noticed Jase's ghost (journeyman DsNe)
  9060 | D:9      | Found a basalt altar of Yredelemnul.
  9075 | D:9      | Noticed a boulder beetle
  9083 | D:9      | Killed a boulder beetle
  9084 | D:9      | Reached XP level 12. HP: 77/91 MP: 12/12
  9115 | D:9      | Identified the +1 helmet "Uzyjat" {rElec Int+6}
  9381 | D:9      | Killed Jase's ghost
  9382 | D:9      | Reached skill level 4 in Shields
  9429 | D:10     | Entered Level 10 of the Dungeon
  9465 | D:10     | Noticed a two-headed ogre
  9465 | D:10     | Found Oremyn's General Store.
  9465 | D:10     | Found Zuwidghag's Assorted Antiques.
  9469 | D:10     | Killed a two-headed ogre
  9525 | D:10     | Reached skill level 5 in Shields
  9531 | D:10     | Found Ityreir's Antique Armour Shoppe.
  9538 | D:10     | Bought a runed helmet for 180 gold pieces
  9538 | D:10     | Bought a glowing tower shield for 180 gold pieces
  9652 | D:10     | Reached skill level 6 in Shields
  9736 | D:10     | Found Wucs's General Store.
  9739 | D:10     | Bought a scroll of butterflies for 60 gold pieces
  9753 | D:10     | Found Rarchenyl's Jewellery Boutique.
 10137 | D:11     | Noticed Nergalle
 10143 | D:11     | Killed Nergalle
 10223 | D:11     | Found a runed translucent door.
 10223 | D:11     | Noticed brody1818's ghost (journeyman TrCK)
 10285 | D:11     | Identified the +8 spear of the Shining Light {vamp, rPois}
 10320 | D:11     | Noticed a boulder beetle
 10325 | D:11     | Killed a boulder beetle
 10326 | D:11     | Reached skill level 7 in Shields
 10390 | D:11     | Noticed Snorg
 10397 | D:11     | Killed Snorg
 10674 | D:11     | Received a gift from Trog
 10845 | D:11     | Acquired a manual of Throwing
 10998 | D:11     | Reached skill level 8 in Shields
 11120 | D:12     | Found a broken altar of Ashenzari.
 11149 | D:12     | Noticed Josephine
 11156 | D:12     | Killed Josephine
 11157 | D:12     | Reached skill level 10 in Throwing
 11287 | D:12     | Reached skill level 9 in Shields
 11316 | D:12     | Reached XP level 13. HP: 96/96 MP: 13/13
 11382 | D:12     | Noticed Psyche
 11384 | D:12     | Killed Psyche
 11844 | D:12     | Found a staircase to the Orcish Mines.
 11883 | D:12     | Reached skill level 10 in Shields
 11980 | D:13     | Acquired the +1 helmet of the Shoals {+Blink rN+++ Int-3
                  | Slay+2 SInv}
 12106 | D:13     | Noticed Frances
 12124 | D:13     | Killed Frances
 12591 | D:13     | Reached skill level 11 in Shields
 12613 | D:13     | Noticed a vault guard
 12619 | D:13     | Killed a vault guard
 12652 | D:13     | Found a gate to the Vaults.
 12864 | Lair:1   | Entered Level 1 of the Lair of Beasts
 12871 | Lair:1   | Identified the amulet "Antapti" {RegenMP Dex+5}
 13038 | Lair:1   | Reached skill level 12 in Shields
 13708 | D:10     | Bought a scroll of enchant weapon for 97 gold pieces
 14001 | Lair:2   | Found a staircase to the Snake Pit.
 14591 | Lair:2   | Reached skill level 13 in Shields
 15068 | Lair:3   | Found a runed translucent door.
 15069 | Lair:3   | Found a shimmering altar of Xom.
 15069 | Lair:3   | Noticed Monkooky's ghost (journeyman KoHs)
 15130 | Lair:3   | Identified the +0 pair of boots of the Leaping Gods {rC+}
 15187 | Lair:3   | Reached XP level 14. HP: 103/103 MP: 14/14
 15291 | Lair:3   | Acquired 802 gold pieces
 15306 | Lair:3   | Reached skill level 1 in Evocations
 15764 | Lair:3   | Found a staircase to the Swamp.
 15767 | Lair:3   | Received a gift from Trog
 16216 | Lair:3   | Reached skill level 14 in Shields
 16218 | Lair:3   | Killed Monkooky's ghost
 17308 | Lair:5   | Entered Level 5 of the Lair of Beasts
 17484 | Lair:5   | Identified the +7 trident "Bung" {heavy, *Slow rN+ Will+
                  | SInv}
 17527 | Lair:5   | Noticed Nessos
 17574 | Lair:5   | Killed Nessos
 17575 | Lair:5   | Reached skill level 15 in Shields
 17575 | Lair:5   | Reached skill level 5 in Evocations
 17847 | Lair:5   | Noticed Urug
 17850 | Lair:5   | Killed Urug
 17919 | Lair:5   | Reached XP level 15. HP: 115/115 MP: 15/15
 17945 | Lair:5   | Received a gift from Trog
 18138 | Lair:5   | Reached skill level 10 in Fighting
 18191 | Lair:5   | Found a staircase to the Slime Pits.
 18193 | Lair:5   | Found a viscous altar of Jiyva.
 18704 | Orc:1    | Entered Level 1 of the Orcish Mines
 19179 | Orc:1    | Found a runed translucent door.
 19180 | Orc:1    | Noticed OTABOTABOTAB's ghost (journeyman OpTm)
 19387 | Orc:1    | Killed OTABOTABOTAB's ghost
 19468 | Orc:2    | Entered Level 2 of the Orcish Mines
 19468 | Orc:2    | Found a staircase to the Elven Halls.
 19475 | Orc:2    | Reached skill level 16 in Shields
 19559 | Orc:2    | Received a gift from Trog
 19586 | Orc:2    | Found Xual's Antique Weapon Shop.
 19609 | Orc:2    | Found a frozen archway.
 19644 | IceCv    | Entered an ice cave
 19938 | IceCv    | Acquired 678 gold pieces
 20270 | Orc:2    | Found Orruh's Magic Scroll Shoppe.
 20463 | Orc:2    | Reached ****** piety under Trog
 20474 | Orc:2    | Found Sasijuj's Magic Scroll Emporium.
 20474 | Orc:2    | Found Wonen's Jewellery Emporium.
 20510 | Orc:2    | Found Ytrilao's General Store.
 20510 | Orc:2    | Found Amethretz's Armour Boutique.
 21171 | D:14     | Found a radiant altar of Vehumet.
 21451 | D:15     | Entered Level 15 of the Dungeon
 21632 | D:15     | Reached skill level 17 in Shields
 21639 | D:15     | Reached XP level 16. HP: 107/126 MP: 16/16
 21649 | D:15     | Received a gift from Trog
 21919 | D:15     | Found a staircase to the Depths.
 22350 | Snake:1  | Entered Level 1 of the Snake Pit
 22367 | Snake:1  | Noticed Nikola
 22381 | Snake:1  | Noticed Jorgrun
 22391 | Snake:1  | HP: 5/127 [Nikola/+4 rapier of electrocution (15)]
 22391 | Snake:1  | Mangled by a mana viper

Illustrated notes

Levels and vault maps discovered:
D:1:      dpeg_arrival_pond, layout_rooms,
          shapermc_ecumenical_altar_mp_urbaneastern
D:2:      layout_loops_ring, kennysheep_donut, minivault_14, grunt_ministairs_9,
          minmay_lizard_king
D:3:      layout_rooms, minmay_door_square, chequers_serial_rivers_micro_a,
          minmay_splitting_lines, guppyfry_early_orc_mine,
          uniq_crazy_yiuf_cottage, uniq_robin
D:4:      layout_loops_ring, mainiacjoe_overflow_cross_hatched, bloody_trog,
          gammafunk_ghost_mausoleum
D:5:      layout_layer_cave, mainiacjoe_overflow_six_doors_small,
          okawaru_altar_gauntlet_db, minitemple, nicolae_overflow_hidden_temple,
          uniq_menkaure
D:6:      layout_rooms, mainiacjoe_overflow_brackets, kennysheep_mini_moat,
          minmay_temple_entry_antechambers, minmay_fractal_squares_diagonal_5,
          uniq_edmund, uniq_sigmund
D:7:      layout_loops_cross, enter_bailey_5, corexii_item_surrounded_by_moat,
          uniq_duvessa
D:8:      minmay_chambers_of_sixes, layout_layer_cave, lair_entry_dummy
D:9:      minmay_cut_squares, layout_loops_ring,
          nicolae_yredelemnul_ghost_church, minmay_statues_item,
          minmay_curled_crystal
D:10:     layout_rooms, serial_shops, nicolae_diamond_shop, kennysheep_mini,
          shop, nicolae_square_shop, shop
D:11:     layout_loops_corners, gammafunk_ghost_grave, minmay_variable_closet,
          uniq_snorg, uniq_nergalle
D:12:     layout_cave_pools, minmay_orc_entry_temple_small, nicolae_sextant,
          ashenzari_altar_1, uniq_psyche, uniq_josephine
D:13:     layout_stronghold, david_vaults_5, uniq_frances
D:14:     layout_basic, fiery_altar_vehumet
D:15:     grunt_enter_depths_snipers, layout_cave_pools, nicolae_eternal_life
Lair:1:   layout_gridlike, serial_rivers, chequers_serial_rivers_small_a,
          chequers_serial_rivers_small_3, chequers_serial_rivers_micro_c,
          chequers_serial_rivers_micro_e, chequers_serial_rivers_micro_d,
          chequers_serial_rivers_small_a, eino_small_chamber_without_monster,
          hibernation_bobbens
Lair:2:   layout_cave_shapes, nicolae_snake_entry_warm_welcome, special_room
          [special_room_bee]
Lair:3:   layout_layer_cave, nicolae_swamp_entry_splash_gauntlet,
          ebering_ghost_xom, lemuel_fruit_fields
Lair:4:   layout_cave_pods, infiniplex_staircase_pool_2
Lair:5:   gammafunk_lair_ancient_temple, layout_gridlike,
          minmay_slime_entry_jelly_boxes, uniq_urug, uniq_nessos
Snake:1:  layout_misc_corridors, drop_trap, nicolae_triple_integral,
          uniq_nikola, uniq_aizul, uniq_jorgrun
Orc:1:    cheibrodos_orc_arena, layout_diamond_mine,
          ebering_ghost_reflecting_pool
Orc:2:    st_orc_elflike, layout_caves, serial_shops, nicolae_shop_trees, shop,
          portal_ice_cave_demonic_guard, guppyfry_library_mini

Skill      XL: |  1  2  3  4  5  6  7  8  9 10 11 12 13 14 15 16 |
---------------+-------------------------------------------------+-----
Dodging        | 3 4 5 6 8 9 |  9.5
Long Blades    | 1 2 3 4 5 7 9 12 14 15 16 | 16.0
Fighting       | 4 5 6 7 9 11 | 11.7
Armour         | 3 4 |  4.8
Throwing       | 2 6 8 10 12 | 12.0
Shields        | 3 9 13 15 17 | 17.4
Evocations     | 5 6 |  6.0
Polearms       | |  4.6

Action                   |  1- 3 |  4- 6 |  7- 9 | 10-12 | 13-15 | 16-18 || total
-------------------------+-------+-------+-------+-------+-------+-------++-------
Melee: Spear             |    51 |       |       |       |       |       ||    51
       Demon blade       |    59 |   227 |   302 |   167 |    30 |       ||   785
       Punch             |       |     2 |     5 |     4 |       |       ||    11
       Tailslap          |       |       |     6 |    14 |    10 |     1 ||    31
       Double sword      |       |       |       |   311 |   688 |    53 ||  1052
       Dagger            |       |       |       |       |    91 |       ||    91
Throw: Stone             |       |       |     2 |    36 |       |       ||    38
       Dart              |       |       |     1 |    13 |    31 |       ||    45
       Javelin           |       |       |       |     4 |     5 |       ||     9
       Boomerang         |       |       |       |       |    15 |       ||    15
Invok: Berserk           |     1 |     5 |     6 |     5 |    10 |     1 ||    28
       Trog's Hand       |       |     3 |     3 |     2 |     3 |       ||    11
       Brothers in Arms  |       |       |       |     1 |       |       ||     1
Evoke: Wand              |       |       |       |       |     6 |       ||     6
       Lightning rod     |       |       |       |       |     4 |       ||     4
       Phial of floods   |       |       |       |       |       |     1 ||     1
  Use: Potion            |       |     1 |       |       |       |       ||     1
       Scroll            |       |       |    16 |    13 |    11 |     1 ||    41
 Stab: Sleeping          |     1 |     1 |     1 |       |       |       ||     3
       Distracted        |       |     1 |     1 |       |     2 |       ||     4
       Paralysed         |       |       |       |       |     1 |       ||     1
Armor: Animal skin       |    10 |       |       |       |       |       ||    10
       Leather armour    |    15 |   125 |    84 |       |       |       ||   224
       Plate armour      |       |       |       |    32 |       |       ||    32
       Chain mail        |       |       |       |   188 |   340 |    35 ||   563
Dodge: Dodged            |    83 |   215 |   215 |   140 |   218 |    33 ||   904
Block: Buckler           |       |       |       |    30 |       |       ||    30
       Kite shield       |       |       |       |    79 |   155 |       ||   234
       Tower shield      |       |       |       |       |   621 |    97 ||   718

Table legend: (Time is in decaauts)
 A = Elapsed time spent in this place.
 B = Non-inter-level travel time spent in this place.
 C = Inter-level travel time spent in this place.
 D = Time resting spent in this place.
 E = Time spent auto-exploring this place.
 F = Levels seen in this place.
 G = Mean time per level.
                   A        B        C        D        E       F      G
               +--------+--------+--------+--------+--------+-----+--------+
         Total |  22576 |  20589 |   1987 |   1832 |  13977 |  25 |  903.0 |
       Dungeon |  14296 |  12930 |   1366 |   1159 |   8978 |  15 |  953.1 |
          Lair |   5500 |   4983 |    517 |    401 |   3686 |   5 | 1100.0 |
     Snake Pit |     40 |     40 |      0 |      0 |      1 |   1 |   40.0 |
  Orcish Mines |   1573 |   1471 |    102 |    105 |    888 |   2 |  786.5 |
        Bailey |    789 |    789 |      0 |    166 |    208 |   1 |  789.0 |
      Ice Cave |    375 |    375 |      0 |      0 |    215 |   1 |  375.0 |
               +--------+--------+--------+--------+--------+-----+--------+

Top non-repeatable levels by time:
     D:5: 1690 daAuts
     D:8: 1388 daAuts
  Lair:3: 1318 daAuts
    D:11: 1220 daAuts
     D:2: 1193 daAuts
    D:12: 1172 daAuts
  Lair:5: 1128 daAuts
  Lair:4: 1111 daAuts
     D:9: 1046 daAuts
  Lair:2: 1008 daAuts
     D:3: 958 daAuts
  Lair:1: 934 daAuts
    D:13: 929 daAuts
   Orc:2: 847 daAuts
     D:4: 825 daAuts
